 Dungeon Crawl Stone Soup version 0.17.0-28-g6e173f8 (webtiles) character file.

173 R18 the Ruffian (level 5, -18/45 HPs)
             Began as a Minotaur Monk on Nov 30, 2015.
             Was a Believer of Qazlal.
             Killed from afar by a goblin (20 damage)
             ... with a wand of lightning
             ... on level 3 of the Dungeon.
             The game lasted 00:03:16 (1690 turns).

R18 the Ruffian (Minotaur Monk)                     Turns: 1690, Time: 00:03:17

Health: -18/45     AC:  3    Str: 16    XL:     5   Next: 28%
Magic:  4/4        EV: 14    Int:  7    God:    Qazlal [**....]
Gold:   199        SH:  2    Dex: 13    Spells: 0 memorised, 4 levels left

rFire  . . .     SeeInvis .       - Unarmed
rCold  . . .     Clarity  .     a - +0 robe
rNeg   . . .     SustAt   .     (no shield)
rPois  .         Gourm    .     (helmet restricted)
rElec  .         Spirit   .     r - +0 cloak
rCorr  .         Warding  .     (no gloves)
rMut   .         Stasis   .     (no boots)
MR     .....                    (no amulet)
Stlth  +.........               (no ring)
                                (no ring)

@: not resistant to hostile enchantments, very unstealthy
A: retaliatory headbutt, horns 2
a: Upheaval, Renounce Religion


You were on level 3 of the Dungeon.
You worshipped Qazlal.
Qazlal was pleased with you.
You were not hungry.

You visited 1 branch of the dungeon, and saw 3 of its levels.

You collected 199 gold pieces.

Inventory:

Hand Weapons
 f - a cursed -2 spear
 q - a +2 quarterstaff of chaos
Missiles
 g - 17 poisoned needles
Armour
 a - a +0 robe (worn)
 r - a +0 cloak (worn)
Scrolls
 c - a scroll of remove curse
 d - a scroll of identify {unknown}
 e - a scroll of enchant weapon {unknown}
 h - a scroll of blinking {unknown}
 i - a scroll of fog {unknown}
 j - a scroll of noise {unknown}
 k - a scroll of recharging {unknown}
 m - a scroll of fear {unknown}
 n - a scroll of magic mapping {unknown}
 o - a scroll of amnesia {unknown}
Potions
 p - a potion of haste {unknown}
Comestibles
 b - a bread ration
 l - a meat ration


   Skills:
 - Level 3.6 Fighting
 + Level 4.6 Dodging
 - Level 1.5 Stealth
 * Level 6.2 Unarmed Combat
 + Level 1.2 Invocations


You had 4 spell levels left.
You didn't know any spells.

Dungeon Overview and Level Annotations

Branches:
Dungeon (3/15)

Altars:
Qazlal


Innate Abilities, Weirdness & Mutations

You reflexively headbutt those who attack you in melee.
You have a pair of horns on your head.


Message History

Moving in this stuff is going to be slow.
The rat bites you but does no damage.
You barely miss the rat.
The rat splashes around in the water.
You punch the rat!
You kill the rat!
Qazlal accepts your kill.
No target in view!
You enter the shallow water.
Moving in this stuff is going to be slow.
You see here a rat corpse.
A goblin comes into view. It is wielding a dagger.
A goblin is nearby!
The goblin zaps a wand.
The bolt of lightning hits you!
It is a wand of lightning.
The goblin zaps a wand.
The bolt of lightning hits you!
Ouch! That really hurt!
* * * LOW HITPOINT WARNING * * *
You are too injured to fight recklessly!
The goblin zaps a wand.
The bolt of lightning hits you!
You die...

#..≈≈≈≈≈.≈≈≈≈.# #.#...
#..≈≈≈≈≈.≈≈≈≈.###.#.##
+.......≈≈≈≈.........
#.≈≈≈≈........##.#.##
###.≈≈≈≈.≈≈≈≈≈..##.#.#
..'.≈≈≈≈.≈≈≈≈≈..##.#.#
.####.≈≈≈≈.≈≈≈≈≈.###.#.#
......≈†≈≈§≈≈≈≈≈.#
#.#.##
.####.g.@......).#
#.#... ##...#####.###
#.#..# #...#
#.#####.#... #....
#.........#. #.....
#######..... .......
#..... ........# #<..#.
......######### ##..#.
#......# #..#.


You could see a goblin.

Vanquished Creatures
  Crazy Yiuf (D:3)
  Ijyb (D:3)
  Natasha (D:3)
  3 adders
  An ooze (D:2)
  A worm (D:3)
  2 giant geckos (D:1)
  An orc (D:3)
  7 goblins
  10 hobgoblins
  10 jackals (D:1)
  5 kobolds
  A ball python (D:3)
  5 bats
  2 giant cockroaches
  3 giant newts
  3 rats
  2 fungi (D:1)
59 creatures vanquished.

Vanquished Creatures (others)
  A plant (D:1)
1 creature vanquished.

Grand Total: 60 creatures vanquished

Notes
Turn   | Place    | Note
--------------------------------------------------------------
     0 | D:1      | R18 the Minotaur Monk began the quest for the Orb.
     0 | D:1      | Reached XP level 1. HP: 19/19 MP: 0/0
   118 | D:1      | Reached XP level 2. HP: 26/26 MP: 1/1
   274 | D:1      | Reached skill level 5 in Unarmed Combat
   487 | D:1      | Reached XP level 3. HP: 31/31 MP: 2/2
  1180 | D:2      | Reached XP level 4. HP: 27/39 MP: 3/3
  1261 | D:3      | Found a stormy altar of Qazlal.
  1366 | D:3      | Became a worshipper of Qazlal Stormbringer
  1366 | D:3      | Reached * piety under Qazlal
  1366 | D:3      | Reached ** piety under Qazlal
  1398 | D:3      | Noticed Crazy Yiuf
  1412 | D:3      | Killed Crazy Yiuf
  1594 | D:3      | Noticed Natasha
  1598 | D:3      | Killed Natasha
  1598 | D:3      | Reached skill level 6 in Unarmed Combat
  1598 | D:3      | Reached skill level 1 in Invocations
  1598 | D:3      | Reached XP level 5. HP: 30/45 MP: 4/4
  1599 | D:3      | Noticed Ijyb
  1608 | D:3      | Killed Ijyb
  1689 | D:3      | HP: 2/45 [goblin/wand of lightning (23)]
  1690 | D:3      | Killed from afar by a goblin

Action                   |  1- 3 |  4- 6 || total
-------------------------+-------+-------++-------
Melee: Unarmed           |   141 |    41 ||   182
  Use: Scroll            |       |     2 ||     2
 Stab: Sleeping          |     3 |       ||     3
  Eat: Chunk             |       |     3 ||     3
